 Dungeon Crawl Stone Soup version 0.29-a0-369-gd956c00756 (webtiles) character file.

Game seed: 9707824739675269239

58828 Shayle the Fighter (level 14, 0/94 HPs)
             Began as a Tengu Brigand on May 1, 2022.
             Was a Priest of Yredelemnul.
             Slain by a sun demon (14 damage)
             ... on level 6 of the Lair of Beasts.
             The game lasted 01:10:40 (18850 turns).

Shayle the Fighter (Tengu Brigand)                 Turns: 18850, Time: 01:10:41

Health: 0/94       AC: 26    Str: 20    XL:     14   Next: 92%
Magic:  16/23      EV: 13    Int: 14    God:    Yredelemnul [***...]
Gold:   1132       SH:  9    Dex: 19    Spells: 13/13 levels left

rFire   . . .      SeeInvis .   P - +2 long sword (flame)
rCold   + . .      Faith    .   f - +2 buckler {rC+}
rNeg    . . .      Spirit   .   o - +7 plate armour "Ycsad" {Str+5 Slay+6}
rPois   +          Reflect  .   (helmet restricted)
rElec   .          Harm     .   c - +2 cloak
rCorr   .          Rampage  .   (no gloves)
Will    +....                   (boots unavailable)
Stlth   ..........              F - amulet of the acrobat
HPRegen 0.25/turn               D - ring "Yruomp" {Wiz rPois Str+4 Slay+3}
MPRegen 0.18/turn               (no ring)

@: flying quickly and evasively, quick
A: beak, talons 3, nimble flight
a: Renounce Religion, Recall Undead Harvest, Dark Bargain


You were on level 6 of the Lair of Beasts.
You worshipped Yredelemnul.
Yredelemnul was aware of your devotion.
You visited 3 branches of the dungeon, and saw 16 of its levels.
You also visited: Ice Cave.

You collected 1132 gold pieces.

Inventory:

Hand Weapons
 a - a +3 dagger
 e - the +13 scythe of Curses {drain, Drain}
   (You found it on level 4 of the Lair of Beasts)

   A truly terrible weapon, it drains the life of any living foe it strikes.
   It inflicts powerful necromantic curses on any living foe it strikes.
   Drain:     It drains your maximum health when unequipped.
 H - a +5 long sword of protection
 P - a +2 long sword of flaming (weapon)
Missiles
 d - 61 poisoned darts (quivered)
 g - 5 atropa-tipped darts
 y - 6 curare-tipped darts
Armour
 c - a +2 cloak (worn)
 f - a +2 buckler of cold resistance (worn)
 o - the +7 plate armour "Ycsad" (worn) {Str+5 Slay+6}
   (You acquired it on level 8 of the Dungeon)

   Str:       It affects your strength (+5).
   Slay:      It affects your accuracy & damage with ranged weapons and melee
   (+6).
 w - the +4 robe of Nairirod {rElec rC+ Will+ Int-5}
   (You found it on level 8 of the Dungeon)

   Int:       It affects your intelligence (-5).
   rC:        It protects you from cold.
   rElec:     It insulates you from electricity.
   Will:      It increases your willpower.
 x - a +2 leather armour of resistance
 O - +2 acid dragon scales
 R - +0 ice dragon scales
 V - a +0 crystal plate armour
Magical Staves
 E - a staff of conjuration
Jewellery
 j - an amulet of faith
 A - the ring "Buomuxis" {rF+ MP+9}
   (You found it in an ice cave)

   [ring of magical power]

   rF:        It protects you from fire.
   MP:        It affects your magic capacity (+9).
 D - the ring "Yruomp" (left hand) {Wiz rPois Str+4 Slay+3}
   (You found it on level 4 of the Dungeon)

   [ring of wizardry]

   It improves your spell success rate.
   Str:       It affects your strength (+4).
   Slay:      It affects your accuracy & damage with ranged weapons and melee
   (+3).
   rPois:     It protects you from poison.
 F - an amulet of the acrobat (around neck)
 G - a ring of protection from fire
 K - a ring of see invisible
 N - a ring of magical power
 T - the ring "Jonoine" {*Corrode rPois EV+4 Dex+9 SInv}
   (You found it on level 2 of the Lair of Beasts)

   [ring of evasion]

   EV:        It affects your evasion (+4).
   Dex:       It affects your dexterity (+9).
   rPois:     It protects you from poison.
   SInv:      It lets you see invisible.
   *Corrode:  It may corrode you when you take damage.
 Z - a ring of willpower
Wands
 i - a wand of acid (12)
 C - a wand of digging (8)
 J - a wand of flame (11)
 L - a wand of paralysis (9)
 S - a wand of iceblast (16)
 X - a wand of polymorph (3)
Scrolls
 k - a scroll of immolation
 n - 2 scrolls of magic mapping
 p - 6 scrolls of teleportation
 q - 3 scrolls of fog
 s - a scroll of summoning
 t - a scroll of fear
 u - 2 scrolls of brand weapon
 Q - 7 scrolls of identify
Potions
 b - 2 potions of berserk rage
 h - a potion of brilliance
 l - 4 potions of lignification
 m - 9 potions of might
 r - 3 potions of cancellation
 v - 2 potions of invisibility
 z - 4 potions of curing
 B - 2 potions of attraction
 I - a potion of ambrosia
 M - 4 potions of mutation
 U - 2 potions of haste
 Y - a potion of magic


   Skills:
 + Level 13.5 Fighting
 - Level 2.1(5.6) Short Blades
 + Level 8.2(8.3) Long Blades
 - Level 2.0 Throwing
 + Level 13.1 Armour
 - Level 9.9 Dodging
 - Level 4.0 Stealth
 + Level 8.0 Shields
 + Level 11.7 Invocations


You had 13 spell levels left.
You didn't know any spells.
Your spell library contained the following spells:

 Spells                   Type           Power      Damage    Failure   Level
 Animate Skeleton         Necr           0%         N/A       86%         1
 Apportation              Tloc           0%         N/A       86%         1
 Magic Dart               Conj           0%         1d3       86%         1
 Slow                     Hex            0%         N/A       86%         1
 Summon Small Mammal      Summ           0%         N/A       86%         1
 Blink                    Tloc           0%         N/A       94%         2
 Call Imp                 Summ           0%         N/A       94%         2
 Ensorcelled Hibernation  Hex/Ice        0%         N/A       94%         2
 Passwall                 Tmut/Erth      0%         N/A       94%         2
 Call Canine Familiar     Summ           0%         N/A       99%         3
 Confusing Touch          Hex            0%         N/A       99%         3
 Gell's Gravitas          Tloc           0%         N/A       99%         3
 Lesser Beckoning         Tloc           0%         N/A       99%         3
 Mephitic Cloud           Conj/Pois/Air  0%         N/A       99%         3
 Ozocubu's Armour         Ice            0%         N/A       99%         3
 Spider Form              Tmut/Pois      0%         N/A       99%         3
 Summon Guardian Golem    Hex/Summ       0%         N/A       99%         3
 Swiftness                Air            0%         N/A       99%         3
 Teleport Other           Tloc           0%         N/A       99%         3
 Tukima's Dance           Hex            0%         N/A       99%         3
 Vampiric Draining        Necr           0%         2d6       99%         3
 Anguish                  Hex/Necr       0%         N/A       100%        4
 Passage of Golubria      Tloc           0%         N/A       100%        4
 Blade Hands              Tmut           0%         N/A       100%        5
 Irradiate                Conj/Tmut      0%         3d13      100%        5
 Manifold Assault         Tloc           0%         N/A       100%        5
 Yara's Violent Unravell  Hex/Tmut       0%         3d3       100%        5
 Dispersal                Tloc           0%         N/A       100%        6
 Dragon Form              Tmut           0%         N/A       100%        7
 Ozocubu's Refrigeration  Ice            0%         4d5       100%        7


Dungeon Overview and Level Annotations

Branches:
Dungeon (9/15)             Temple (1/1) D:7            Lair (6/6) D:9
  Swamp (0/4) Lair:4        Snake (0/4) Lair:2        Slime (0/5) Lair:6
  IceCv (visited)
    Orc: D:9-12

Altars:
Ashenzari
Cheibriados
Dithmenos
Elyvilon
Fedhas
Gozag
Hepliaklqana
Kikubaaqudgha
Makhleb
Nemelex Xobeh
Okawaru
Qazlal
Ru
Sif Muna
Trog
Uskayaw
Vehumet
Wu Jian
Xom
Yredelemnul
The Shining One
Jiyva

Shops:
D:5 (

Portals:
Abyss: Lair:3

Annotations:
Lair:3 2 transporters, Archem's ghost, journeyman OgTm


Innate Abilities, Weirdness & Mutations

You have a beak for a mouth.
You have claws for feet.
Your magical nature lets you fly swiftly and evasively.


Message History

Unknown command.
Your blink frog zombie barely misses something.
Something hits your blink frog zombie!
Something freezes your blink frog zombie.
Your blink frog zombie resists.
The sun demon closely misses your blink frog zombie.
Unknown command.
Your blink frog zombie closely misses something.
Something hits your blink frog zombie.
Something freezes your blink frog zombie.
Your blink frog zombie resists.
The sun demon hits your blink frog zombie!
Your blink frog zombie is destroyed!
You can no longer drain ambient life force.
The sun demon hits your bound dire elephant but does no damage.
Something hits your bound dire elephant.
Something freezes your bound dire elephant!
Your bound dire elephant resists.
Your bound dire elephant tramples the sun demon!!
The sun demon holds its ground!
Your bound dire elephant trunk-slaps the sun demon.
You swap places.
The sun demon hits you.
You are engulfed in flames!
The ice devil completely misses you. The smoke demon gestures at you.
Something smites you!
There is an open door here.
Unknown command.
You hit the sun demon.
The sun demon is heavily wounded.
The sun demon hits you!
You are engulfed in flames!
The hell hound bites you.
The ice devil hits you but does no damage.
The sun demon hits you.
You are engulfed in flames!
* * * LOW HITPOINT WARNING * * *
Unknown command.
You swap places.
The sun demon attacks as you move away! The sun demon hits you.
* * * LOW HITPOINT WARNING * * *
You are engulfed in flames!
You die...
Your body rises from the dead as a mindless zombie.

♣♣.ZZ..Z.♣ ♣.Z..♣ ♣♣.♣♣.♣♣♣
######'Z#######
♣♣♣♣♣'#########..Z.Z........#
♣#........#...8ZZ..8....#
#..8.8...'..V.Z........#
#..)#.8..############### ♣
#..#.8...#....... ♣
#...8.#ZZ#4...... ♣
#..8.#..Z@3h4h_.. ♣
#...8.8..#443....
#........#4..§§≈≈
#############§§≈§ §§§ ##


You could see a sun demon (possessable, ally target), 4 ice devils, a smoke
demon, a red devil, 2 hell hounds, a friendly bound dire elephant, a friendly
komodo dragon zombie, a friendly yak zombie and a friendly cane toad zombie.

Vanquished Creatures
  A boulder beetle (D:9)
  6 hydras
  A catoblepas (Lair:6)
  3 two-headed ogres
  4 death yaks
  4 bog bodies
  Pikel (D:4)
  A lindwurm (Lair:5)
  An ice statue (IceCv)
  3 elephants (Lair:4)
  3 black mambas
  12 cane toads
  Maggie (D:8)
  A freezing wraith (IceCv)
  6 rime drakes
  6 komodo dragons
  A meliai (D:9)
  2 polar bears
  3 dream sheep (Lair:5)
  21 blink frogs
  A shadow (D:9)
  3 wyverns
  Sigmund (D:2)
  17 yaks
  A wraith (D:9)
  3 basilisks
  A death yak simulacrum (IceCv)
  A steam dragon (D:6)
  A swamp worm (Lair:4)
  A naga (Lair:2)
  18 water moccasins
  Duvessa (D:6)
  5 black bears
  2 orc warriors (D:8)
  2 sky beasts
  A boggart (D:9)
  3 centaurs
  10 wolves
  A lemure (D:4)
  A phantom (D:5)
  3 kobold brigands
  14 bullfrogs
  3 two-headed ogre simulacra (IceCv)
  6 scorpions
  Dowan (D:6)
  4 cane toad simulacra (IceCv)
  19 wights
  8 killer bees
  4 elephant simulacra (IceCv)
  6 howler monkeys
  2 orc priests
  3 hounds
  4 jellies
  5 iguanas
  Ijyb (D:4)
  5 orc wizards
  6 troll simulacra (IceCv)
  4 polar bear simulacra (IceCv)
  6 spriggan simulacra (IceCv)
  2 wolf simulacra (IceCv)
  4 gnolls (D:2)
  5 adders
  4 naga simulacra (IceCv)
  2 shadow imps (D:7)
  3 white imps (IceCv)
  8 ufetubi (IceCv)
  3 dart slugs
  12 orcs
  10 ball pythons
  4 bats (D:2)
  3 endoplasms
  3 giant cockroaches
  7 hobgoblins
  3 quokkas
  3 goblins
  23 kobolds
  3 rats
361 creatures vanquished.

Vanquished Creatures (collateral kills)
  A catoblepas (Lair:6)
  A boulder beetle (Lair:6)
  4 hydras
  A centaur warrior (D:9)
  2 death yaks (Lair:5)
  A wizard (Lair:6)
  A deep elf pyromancer (D:9)
  A cyclops (D:9)
  A manticore (D:9)
  2 black mambas
  An elephant (Lair:4)
  6 cane toads
  2 rime drakes (Lair:6)
  8 komodo dragons
  A red devil (Lair:6)
  10 blink frogs
  9 dream sheep
  A wyvern (Lair:6)
  15 yaks
  3 nagas (Lair:2)
  5 water moccasins
  2 hell hounds (Lair:6)
  A black bear (Lair:3)
  3 bullfrogs
  A cane toad simulacrum (IceCv)
  A scorpion (D:9)
  A killer bee (D:9)
  3 electric eels (Lair:4)
  A howler monkey (D:9)
  A troll simulacrum (IceCv)
  A howler monkey simulacrum (D:9)
  An orc (D:9)
  A kobold (D:9)
93 creatures vanquished.

Vanquished Creatures (others)
  10 blink frog zombies
  2 dream sheep zombies (Lair:6)
  A rime drake zombie (Lair:6)
  2 komodo dragon zombies (Lair:6)
  3 water moccasin zombies
  2 yak zombies
  A wolf zombie (Lair:1)
  A bullfrog zombie (D:9)
  A centaur zombie (D:9)
  2 killer bee zombies (D:9)
  3 howler monkey zombies
  A spectral white imp (IceCv)
  4 kobold zombies (D:9)
  4 orc zombies
  3 spectral ufetubi (IceCv)
  3 bushes (Lair:5)
  A demonic plant (D:3)
  77 fungi
  118 plants
239 creatures vanquished.

Grand Total: 693 creatures vanquished

Notes
Turn   | Place    | Note
-------+----------+-------------------------------------------
     0 | D:1      | Shayle the Tengu Brigand began the quest for the Orb.
     0 | D:1      | Reached XP level 1. HP: 12/12 MP: 2/2
   589 | D:1      | Reached XP level 2. HP: 17/18 MP: 3/3
  1074 | D:2      | Found a radiant altar of Vehumet.
  1119 | D:2      | Reached XP level 3. HP: 22/22 MP: 4/4
  1130 | D:2      | Noticed Sigmund
  1393 | D:2      | Killed Sigmund
  1394 | D:2      | Reached XP level 4. HP: 6/29 MP: 5/5
  1394 | D:2      | Gained mutation: Your magical nature lets you fly swiftly
                  | and evasively. [Tengu growth]
  1394 | D:2      | Reached XP level 5. HP: 7/33 MP: 6/6
  2093 | D:3      | Reached XP level 6. HP: 34/39 MP: 7/7
  2128 | D:3      | Found a sparkling altar of Nemelex Xobeh.
  2419 | D:3      | Found a faded altar of an unknown god.
  2781 | D:4      | Reached skill level 1 in Invocations
  3080 | D:4      | Noticed Pikel
  3119 | D:4      | Killed Pikel
  3120 | D:4      | Reached skill level 5 in Fighting
  3120 | D:4      | Reached skill level 5 in Dodging
  3120 | D:4      | Reached XP level 7. HP: 23/45 MP: 7/10
  3521 | D:4      | Found a radiant altar of Vehumet.
  3605 | D:4      | Found a shadowy altar of Dithmenos.
  3607 | D:4      | Noticed Ijyb
  3628 | D:5      | Entered Level 5 of the Dungeon
  3690 | D:5      | Noticed a two-headed ogre
  3738 | D:5      | Killed a two-headed ogre
  3739 | D:5      | Reached XP level 8. HP: 25/52 MP: 10/12
  3928 | D:5      | Found an ornate altar of the Wu Jian Council.
  3989 | D:4      | Identified the ring "Yruomp" {Wiz rPois Str+4 Slay+3}
  4192 | D:4      | Killed Ijyb
  4543 | D:4      | Found a shimmering blue altar of Sif Muna.
  4847 | D:5      | Reached XP level 9. HP: 57/57 MP: 13/13
  5017 | D:5      | Found Racw's Antique Weapon Shoppe.
  5034 | D:5      | Reached skill level 5 in Invocations
  5864 | D:6      | Noticed Duvessa
  5865 | D:6      | Noticed Dowan
  5873 | D:6      | Killed Duvessa
  5878 | D:6      | Killed Dowan
  6695 | D:7      | Found a stormy altar of Qazlal.
  6882 | D:7      | Found a staircase to the Ecumenical Temple.
  6888 | Temple   | Entered the Ecumenical Temple
  7051 | Temple   | Became a worshipper of Yredelemnul the Dark
  7220 | D:7      | Found a bloodstained altar of Trog.
  7248 | D:7      | Found a blossoming altar of Fedhas.
  7296 | D:7      | Reached XP level 10. HP: 61/65 MP: 15/15
  7513 | D:8      | Found a white marble altar of Elyvilon.
  7525 | D:8      | Noticed Maggie
  7707 | D:8      | Killed Maggie
  7921 | D:8      | Identified a scroll of acquirement
  7921 | D:8      | Acquired the +7 plate armour "Ycsad" {Str+5 Slay+6}
  7981 | D:8      | Reached * piety under Yredelemnul
  7992 | D:8      | Reached skill level 1 in Armour
  8011 | D:8      | Identified the +4 robe of Nairirod {rElec rC+ Will+ Int-5}
  8033 | D:8      | Found a glowing golden altar of the Shining One.
  8173 | D:8      | Reached ** piety under Yredelemnul
  8404 | D:9      | Found an ancient bone altar of Kikubaaqudgha.
  8608 | D:9      | Found a staircase to the Lair.
  8637 | D:9      | Noticed a manticore
  8647 | D:9      | Killed a manticore
  8648 | D:9      | Reached XP level 11. HP: 71/72 MP: 8/17
  8660 | D:9      | Reached skill level 5 in Armour
  8660 | D:9      | Noticed a two-headed ogre
  8673 | D:9      | Killed a two-headed ogre
  8674 | D:9      | Reached skill level 10 in Fighting
  9205 | D:9      | Noticed a two-headed ogre
  9235 | D:9      | Killed a two-headed ogre
  9460 | D:9      | Noticed a cyclops
  9594 | D:9      | Noticed a deep elf pyromancer
  9596 | D:9      | Noticed a boulder beetle
  9599 | D:9      | Killed a cyclops
  9613 | D:9      | Killed a boulder beetle
  9613 | D:9      | Reached *** piety under Yredelemnul
  9615 | D:9      | Killed a deep elf pyromancer
  9842 | D:9      | Noticed a centaur warrior
  9854 | D:9      | Killed a centaur warrior
 10162 | Lair:1   | Entered Level 1 of the Lair of Beasts
 10569 | Lair:1   | Reached XP level 12. HP: 31/79 MP: 19/19
 10729 | Lair:1   | Found a frozen archway.
 10738 | IceCv    | Entered an ice cave
 11990 | IceCv    | Reached skill level 1 in Shields
 12390 | IceCv    | Reached skill level 10 in Armour
 12443 | IceCv    | Identified the ring "Buomuxis" {rF+ MP+9}
 12480 | Lair:1   | Noticed a six-headed hydra
 12630 | Lair:1   | Killed a five-headed hydra
 13049 | Lair:1   | Reached skill level 1 in Long Blades
 13139 | Lair:1   | Reached **** piety under Yredelemnul
 13267 | Lair:2   | Identified the ring "Jonoine" {*Corrode rPois EV+4 Dex+9
                  | SInv}
 13603 | Lair:2   | Found a staircase to the Snake Pit.
 13713 | Lair:2   | Reached skill level 10 in Invocations
 13951 | Lair:2   | Reached ***** piety under Yredelemnul
 14141 | Lair:3   | Noticed Archem's ghost (journeyman OgTm)
 14148 | Lair:3   | Reached XP level 13. HP: 85/85 MP: 21/21
 14174 | Lair:3   | Noticed a tentacled starspawn
 14441 | Lair:3   | Found a transporter.
 14468 | Lair:3   | Reached ****** piety under Yredelemnul
 14617 | Lair:3   | Found a transporter.
 14618 | Lair:3   | Found a one-way gate to the infinite horrors of the Abyss.
 15056 | Lair:4   | Reached skill level 5 in Shields
 15258 | Lair:4   | Reached skill level 5 in Long Blades
 15395 | Lair:4   | Identified the +5 scale mail of Subjectivity {rElec rPois
                  | rF- Dex+8}
 15491 | Lair:4   | Found the +13 scythe of Curses {drain, Drain}
 15898 | Lair:4   | Found a staircase to the Swamp.
 16790 | Lair:5   | Reached XP level 14. HP: 90/92 MP: 23/23
 18045 | Lair:6   | Entered Level 6 of the Lair of Beasts
 18139 | Lair:6   | Found a staircase to the Slime Pits.
 18140 | Lair:6   | Found a viscous altar of Jiyva.
 18639 | Lair:6   | Noticed a dire elephant
 18657 | Lair:6   | Killed a dire elephant
 18657 | Lair:6   | Enslaved a dire elephant
 18833 | Lair:6   | Found a burning altar of Makhleb.
 18850 | Lair:6   | Slain by a sun demon

Illustrated notes

Levels and vault maps discovered:
D:1:      wheals_arrival_shading, layout_loops_ring
D:2:      layout_rooms, kennysheep_flooded_box, uniq_sigmund
D:3:      layout_basic, mainiacjoe_overflow_brackets,
          shapermc_ecumenical_altar_gd, kennysheep_generic_room_5
D:4:      layout_basic, nicolae_vehumet_altar_sigil, led_sif_pool,
          grunt_dithmenos_smoke, minmay_box_of_dots, uniq_pikel, uniq_ijyb
D:5:      layout_basic, mainiacjoe_overflow_cross_hatched, serial_shops, shop
D:6:      layout_loops_ring, uniq_duvessa
D:7:      layout_cave_pools, mainiacjoe_overflow_catwalk,
          nicolae_overflow_hidden_temple, fedhas_altar_3,
          minmay_temple_entry_hall
D:8:      layout_rooms, nicolae_tso_carved_into_rock, elyvilon_altar_4,
          uniq_maggie
D:9:      layout_roguey, nicolae_kikubaaqudgha_miasma_corner,
          due_lair_maze_entry_diamond, minmay_evil_grid
Temple:   compressed_dpeg_triangle_lava_temple
Lair:1:   layout_concentric_octagons, portal_ice_cave_entry_pillars_2,
          serial_bayou_pond_e
Lair:2:   layout_gridlike, minmay_snake_entry_guardpost_small
Lair:3:   layout_regular_city, gammafunk_ghost_abyssal_escape
Lair:4:   layout_roguey, nicolae_swamp_entry_splash_gauntlet, serial_forest,
          infiniplex_forest_lined_2, infiniplex_forest_straight_4,
          infiniplex_forest_straight_4, infiniplex_forest_end_3,
          infiniplex_forest_end_1, infiniplex_forest_lined_3,
          infiniplex_forest_end_2, infiniplex_forest_join,
          infiniplex_forest_end_2, minmay_holes, serial_bayou_lagoon_a
Lair:5:   layout_cave_pods, grunt_megastairs_3, lemuel_fruit_tree,
          infiniplex_staircase_pool_2
Lair:6:   evil_forest, layout_gridlike, slime_altar_1, minmay_lair_drake_nest,
          serial_bayou_shore_b

Skill      XL: |  1  2  3  4  5  6  7  8  9 10 11 12 13 14 |
---------------+-------------------------------------------+-----
Dodging        | 2 4 5 7 9 |  9.9
Fighting       | 4 5 6 7 8 9 10 11 12 13 | 13.5
Invocations    | 3 4 6 7 9 10 11 | 11.7
Armour         | 4 9 10 12 13 | 13.1
Shields        | 4 6 8 |  8.0
Long Blades    | 3 6 8 |  8.2
Short Blades   | |  2.1
Throwing       | |  2.0
Stealth        | |  4.0

Action                   |  1- 3 |  4- 6 |  7- 9 | 10-12 | 13-15 || total
-------------------------+-------+-------+-------+-------+-------++-------
Melee: Dagger            |    36 |    82 |    69 |     3 |       ||   190
       Peck              |     6 |    18 |    42 |    99 |   107 ||   272
       Kick              |     2 |    30 |    46 |   168 |   145 ||   391
       Punch             |     1 |     1 |     2 |     4 |       ||     8
       Whip              |       |       |   111 |    50 |       ||   161
       Long sword        |       |       |       |   371 |   316 ||   687
Throw: Dart              |    11 |    14 |    11 |     7 |       ||    43
Invok: Dark Bargain      |       |       |       |     5 |    11 ||    16
       Recall Undead Har |       |       |       |     5 |     3 ||     8
       Bind Soul         |       |       |       |       |     2 ||     2
Evoke: Wand              |       |       |     8 |    10 |       ||    18
  Use: Potion            |     3 |       |     2 |     4 |       ||     9
       Scroll            |       |       |    16 |    10 |     5 ||    31
 Stab: Sleeping          |     2 |     4 |    13 |     1 |       ||    20
       Paralysed         |       |       |       |     3 |       ||     3
       Distracted        |       |       |       |     2 |     4 ||     6
       Petrified         |       |       |       |       |     1 ||     1
Armor: Ring mail         |    16 |    12 |    31 |     4 |       ||    63
       Skin              |       |       |    30 |       |       ||    30
       Plate armour      |       |       |       |   235 |   144 ||   379
Dodge: Dodged            |    16 |    44 |   124 |   379 |   208 ||   771
Block: Buckler           |       |       |       |    61 |   136 ||   197

Table legend: (Time is in decaauts)
 A = Elapsed time spent in this place.
 B = Non-inter-level travel time spent in this place.
 C = Inter-level travel time spent in this place.
 D = Time resting spent in this place.
 E = Time spent auto-exploring this place.
 F = Levels seen in this place.
 G = Mean time per level.
                   A        B        C        D        E       F      G
               +--------+--------+--------+--------+--------+-----+--------+
         Total |  18021 |  17574 |    447 |   4561 |   7247 |  17 | 1060.1 |
       Dungeon |   9489 |   9247 |    242 |   2329 |   4442 |   9 | 1054.3 |
        Temple |    211 |    197 |     14 |      0 |    183 |   1 |  211.0 |
          Lair |   6558 |   6368 |    190 |    986 |   2621 |   6 | 1093.0 |
      Ice Cave |   1761 |   1761 |      0 |   1245 |      0 |   1 | 1761.0 |
               +--------+--------+--------+--------+--------+-----+--------+

Top non-repeatable levels by time:
     D:9: 1897 daAuts
   IceCv: 1761 daAuts
     D:4: 1505 daAuts
  Lair:4: 1448 daAuts
  Lair:5: 1435 daAuts
  Lair:1: 1212 daAuts
     D:5: 1179 daAuts
     D:6: 1010 daAuts
     D:1: 988 daAuts
     D:2: 925 daAuts
  Lair:3: 898 daAuts
  Lair:2: 802 daAuts
  Lair:6: 761 daAuts
     D:3: 738 daAuts
     D:8: 688 daAuts
